 Dungeon Sprint DCSS version 0.27.1-34-g3ba077fa99 (webtiles) character file.

Game seed: 4617259597400645040

452 Romesagentofchaos the Fighter (level 7, -1/72 HPs)
             Began as a Hill Orc Fighter on Jan 25, 2022.
             Was an Initiate of Ru.
             Slain by a centaur warrior (7 damage)
             ... in the Dungeon (Sprint I: "Red Sonja").
             The game lasted 00:02:58 (583 turns).

Romesagentofchaos the Fighter (Hill Orc Fighter)     Turns: 583, Time: 00:02:58

Health: -1/72      AC: 11    Str: 21    XL:     7   Next: 4%
Magic:  7/7        EV:  9    Int:  8    God:    Ru [......]
Gold:   169        SH: 11    Dex: 10    Spells: 6/6 levels left

rFire    . . .     SeeInvis .   a - +0 war axe
rCold    . . .     Faith    .   c - +0 kite shield
rNeg     . . .     Spirit   .   b - +0 scale mail
rPois    .         Reflect  .   f - +2 helmet
rElec    .         Harm     .   (no cloak)
rCorr    .         Rampage  .   (no gloves)
Will     .....     NoTele   +   (no boots)
Stlth    ..........             (no amulet)
HPRegen  0.22/turn              (no ring)
MPRegen  0.10/turn              (no ring)

@: mighty
A: no striking features
a: Renounce Religion


You were in the Dungeon.
You worshipped Ru.
Ru was noncommittal.
You visited 1 branch You collected 334 gold pieces.
You spent 165 gold pieces at shops.

Inventory:

Hand Weapons
 a - a +0 war axe (weapon)
Armour
 b - a +0 scale mail (worn)
 c - a +0 kite shield (worn)
 f - a +2 helmet (worn)
Scrolls
 j - a scroll of blinking
Potions
 g - a potion of haste
 h - 2 potions of magic
 i - a potion of berserk rage


   Skills:
 + Level 10.0 Fighting
 + Level 8.8 Axes
 + Level 8.9 Armour
 + Level 2.4 Dodging
 + Level 7.9 Shields


You had 6 spell levels left.
You didn't know any spells.
Your spell library was empty.

Dungeon Overview and Level Annotations

Branches:
Dungeon (1/1)

Altars:
Cheibriados
Dithmenos
Elyvilon
Fedhas
Gozag
Hepliaklqana
Kikubaaqudgha
Nemelex Xobeh
Okawaru
Qazlal
Ru
Sif Muna
Trog
Uskayaw
Vehumet
Wu Jian
Yredelemnul
Zin
The Shining One

Shops:
D [


Message History

You block the centaur warrior's attack. x2
The centaur warrior hits you but does no damage.
You block the centaur warrior's attack.
You completely miss the centaur warrior.
You hit the centaur warrior. You block the centaur warrior's attack.
The centaur warrior kicks you.
The centaur warrior hits you but does no damage.
You block the centaur warrior's attack. The centaur warrior hits you.
The centaur warrior kicks you but does no damage.
You hit the centaur warrior.
The centaur warrior is lightly wounded.
You closely miss the centaur warrior. The centaur warrior closely misses you.
You block the centaur warrior's attack. The centaur warrior hits you.
The centaur warrior kicks you. The centaur warrior hits you.
You block the centaur warrior's attack.
You slash the centaur warrior!
The centaur warrior is lightly wounded.
You closely miss the centaur warrior.
The centaur warrior hits you but does no damage.
You block the centaur warrior's attack. The centaur warrior hits you.
The centaur warrior kicks you but does no damage.
The centaur warrior hits you! The centaur warrior kicks you.
* * * LOW HITPOINT WARNING * * *
The centaur warrior hits you.
* * * LOW HITPOINT WARNING * * *
You block the centaur warrior's attack.
You feel better.
You block the centaur warrior's attack. x2
The centaur warrior hits you but does no damage.
You block the centaur warrior's attack. The centaur warrior hits you!
* * * LOW HITPOINT WARNING * * *
The centaur warrior completely misses you.
The centaur warrior hits you!
* * * LOW HITPOINT WARNING * * *
The centaur warrior kicks you but does no damage.
You feel very mighty all of a sudden. The centaur warrior hits you.
* * * LOW HITPOINT WARNING * * *
The centaur warrior kicks you but does no damage.
The centaur warrior hits you!
You die...

#############
#..)..#.)'..#
').#..'..#..+
#####'#####'# ####
####..#...#.####§§#
#__####..##§#§§§§§#
#_____##'#_.§§§cc§+
#_.∩...'..._#§§§@§#
#_..__##_.#'##+####
#_____###+#.#
####### ###


You could see 2 centaur warriors.

Vanquished Creatures
  Sigmund (D)
  A yak (D)
  An ogre (D)
  A jelly (D)
  Ijyb (D)
5 creatures vanquished.

Notes
Turn   | Place    | Note
-------+----------+-------------------------------------------
     0 | D        | Romesagentofchaos the Hill Orc Fighter began the quest for
                  | the Orb.
     0 | D        | Reached XP level 1. HP: 19/19 MP: 1/1
     2 | D        | Noticed Ijyb
    13 | D        | Killed Ijyb
    14 | D        | Reached skill level 5 in Fighting
    14 | D        | Reached XP level 2. HP: 26/29 MP: 2/2
    14 | D        | Reached XP level 3. HP: 32/36 MP: 3/3
    16 | D        | Noticed an ogre
    21 | D        | Killed an ogre
    22 | D        | Reached skill level 7 in Fighting
    22 | D        | Reached skill level 5 in Axes
    22 | D        | Reached skill level 1 in Dodging
    22 | D        | Reached skill level 5 in Shields
    22 | D        | Reached XP level 4. HP: 6/47 MP: 4/4
   294 | D        | Noticed Sigmund
   300 | D        | Killed Sigmund
   301 | D        | Reached skill level 9 in Fighting
   301 | D        | Reached XP level 5. HP: 48/57 MP: 5/5
   301 | D        | Reached XP level 6. HP: 53/63 MP: 6/6
   319 | D        | Found an ornate altar of the Wu Jian Council.
   319 | D        | Found a shimmering blue altar of Sif Muna.
   321 | D        | Found a radiant altar of Vehumet.
   352 | D        | Found Qurholumo's Armour Emporium.
   352 | D        | Found an ancient bone altar of Kikubaaqudgha.
   352 | D        | Found a hazy altar of Hepliaklqana.
   352 | D        | Found a stormy altar of Qazlal.
   352 | D        | Found a hide-covered altar of Uskayaw.
   352 | D        | Found a blossoming altar of Fedhas.
   352 | D        | Found a bloodstained altar of Trog.
   352 | D        | Found an iron altar of Okawaru.
   352 | D        | Found a basalt altar of Yredelemnul.
   352 | D        | Found a glowing golden altar of the Shining One.
   352 | D        | Found a snail-covered altar of Cheibriados.
   352 | D        | Found a sacrificial altar of Ru.
   352 | D        | Found a glowing silver altar of Zin.
   352 | D        | Found a shadowy altar of Dithmenos.
   352 | D        | Found a white marble altar of Elyvilon.
   352 | D        | Noticed a yak
   370 | D        | Killed a yak
   371 | D        | Reached skill level 10 in Fighting
   371 | D        | Reached XP level 7. HP: 29/72 MP: 7/7
   371 | D        | Found an opulent altar of Gozag.
   372 | D        | Found a sparkling altar of Nemelex Xobeh.
   383 | D        | Became a worshipper of Ru the Awakened
   386 | D        | Bought a +2 helmet for 165 gold pieces
   572 | D        | Noticed a centaur warrior
   574 | D        | Noticed a centaur warrior
   583 | D        | Slain by a centaur warrior

Illustrated notes

Levels and vault maps discovered:
D:        dungeon_sprint_1 [red_sonja_temple_1, red_sonja_temple_small_1]

Skill      XL: |  1  2  3  4  5  6 |
---------------+-------------------+-----
Fighting       | 5 7 9 10 | 10.0
Axes           | 3 5 7 8 |  8.8
Armour         | 4 6 7 8 |  8.9
Shields        | 4 5 7 |  7.9
Dodging        | 1 2 |  2.4

Action                   |  1- 3 |  4- 6 |  7- 9 || total
-------------------------+-------+-------+-------++-------
Melee: War axe           |    15 |    22 |     3 ||    40
  Use: Potion            |       |     1 |     2 ||     3
Armor: Scale mail        |     3 |     5 |    14 ||    22
Dodge: Dodged            |     5 |     5 |     3 ||    13
Block: Kite shield       |     8 |     8 |    16 ||    32
